 Dungeon Crawl Stone Soup version 0.31-a0-263-ge8cad7f256 (webtiles) character file.

Game seed: 8506425506370608344

773 Iniera the Ducker (level 8, -5/75 HPs)
             Began as a Kobold Monk on July 14, 2023.
             Slain by Edmund
             ... wielding a +5 heavy dire flail
              (16 damage)
             ... on level 5 of the Dungeon.
             The game lasted 00:06:01 (3775 turns).

Iniera the Ducker (Kobold Monk)                     Turns: 3775, Time: 00:06:01

Health: -5/75      AC: 24    Str:  8    XL:     8   Next: 9%
Magic:  18/18      EV:  3    Int: 12    God:
Gold:   234        SH:  0    Dex: 19    Spells: 7/7 levels left

rFire   . . .        a - +1 falchion (heavy)
rCold   . . .        d - orb {light}
rNeg    . . .        q - melded +1 leather armour {rN+}
rPois   +            (helmet currently unavailable)
rElec   .            (cloak currently unavailable)
rCorr   .            o - melded +2 pair of gloves
SInv    .            (boots currently unavailable)
Will    .....        (no amulet)
Stlth   +            i - ring of magical power
HPRegen 0.32/turn    f - ring of poison resistance
MPRegen 0.16/turn

%: no passive effects
@: tree-form, attractive, glowing
A: stationary, stasis, torment immunity, boosted hp, small, no large weapons,
nightstalker 3
a: no special abilities


You were on level 5 of the Dungeon.
You were a tree.
You visited 1 branch of the dungeon, and saw 5 of its levels.

You collected 234 gold pieces.

Inventory:

Hand Weapons
 a - a +1 heavy falchion (weapon)
Missiles
 m - 9 poisoned darts (quivered)
Armour
 d - an orb of light (worn)
 o - a +2 pair of gloves (melded)
 q - a +1 leather armour of positive energy (melded)
Jewellery
 f - a ring of poison resistance (right branch)
 i - a ring of magical power (left branch)
Scrolls
 b - a scroll of enchant armour
 j - a scroll of identify
Potions
 c - 2 potions of ambrosia


   Skills:
 + Level 5.5 Fighting
 + Level 5.0 Long Blades
 * Level 6.6 Dodging
 + Level 2.1 Invocations


You had 7 spell levels left.
You didn't know any spells.
Your spell library contained the following spells:

 Spells                   Type           Power      Damage    Failure   Level
 Call Canine Familiar     Summ           0%         N/A       69%         3
 Gell's Gravitas          Tloc           0%         N/A       69%         3
 Hailstorm                Conj/Ice       0%         3d3       69%         3
 Ozocubu's Armour         Ice            0%         N/A       69%         3
 Portal Projectile        Hex/Tloc       0%         N/A       69%         3
 Teleport Other           Tloc           0%         N/A       69%         3
 Vhi's Electric Charge    Tloc/Air       0%         N/A       69%         3
 Leda's Liquefaction      Hex/Erth       0%         N/A       97%         4
 Summon Ice Beast         Ice/Summ       0%         N/A       97%         4
 Arcjolt                  Conj/Air       0%         1d10      100%        5
 Metabolic Englaciation   Hex/Ice        0%         N/A       100%        5
 Dispersal                Tloc           0%         N/A       100%        6
 Simulacrum               Ice/Necr       0%         N/A       100%        6
 Maxwell's Capacitive Co  Air            0%         ∞         100%        8


Dungeon Overview and Level Annotations

Branches:
Dungeon (5/15)
 Temple: D:4-7

Altars:

Annotations:
D:5 Edmund, Ijyb


Innate Abilities, Weirdness & Mutations

You are a tree.
Your roots penetrate the ground, keeping you stationary.
You cannot be teleported.
You are immune to unholy pain and torment.
Your maximum health is greatly increased.
Your equipment is partially melded.
You are small and have problems with some larger weapons.
You are completely attuned to the shadows.


Message History

Your roots penetrate the ground.
The jelly hits you but does no damage.
Edmund hits you with a +5 heavy dire flail!
It was a potion of heal wounds.
You feel much better. The jelly hits you but does no damage.
The orc priest is attracted toward you.
You slash the jelly!
You kill the jelly!
Edmund hits you with a +5 heavy dire flail!
The orc priest barely misses you.
The orc priest hits you with a +0 flail.
Ijyb zaps a wand.
Your will is overpowered!
You are confused.
Your Invocations skill increases to level 2!
You feel better.
Edmund hits you with a +5 heavy dire flail!!
The orc priest looks satisfied for a moment.
Ijyb hits you but does no damage.
You slash the orc priest!
The orc priest is almost dead.
Edmund barely misses you. Ijyb hits you but does no damage.
The orc priest miscasts a cantrip.
The orc priest looks encouraged for a moment.
Ijyb hits you with a +0 dagger.
An iguana comes into view.
The iguana is attracted toward you.
You slash the orc priest!
You kill the orc priest!
Edmund hits you but does no damage.
The iguana bites you but does no damage.
Ijyb hits you but does no damage.
You hit Edmund.
Edmund is heavily wounded.
Edmund hits you with a +5 heavy dire flail!
* * * LOW HITPOINT WARNING * * *
The iguana bites you but does no damage.
Ijyb hits you but does no damage. x2
The iguana bites you but does no damage.
You hit Edmund but do no damage.
Edmund is heavily wounded.
Edmund hits you with a +5 heavy dire flail!
You die...

.......##. ....
!...........#.. #...
............... #<..
............... #...
...l)@.....(..( #...
....♣g...#########.##
#########......>##.##
#####........†.##
............#####
#####....(..# #
#.......#####
#.......†<...
#.......#####
#.......# ##


You could see Edmund, Ijyb and an iguana.

Vanquished Creatures
  A water moccasin (D:5)
  A sky beast (D:4)
  2 scorpions (D:4)
  3 hounds
  A jelly (D:5)
  2 orc priests
  Natasha (twice) (D:4)
  2 orc wizards (D:4)
  8 adders
  A shadow imp (D:5)
  3 worms
  2 dart slugs
  16 orcs
  8 ball pythons
  3 endoplasms
  A giant cockroach (D:4)
  6 goblins
  4 hobgoblins
  9 jackals
  2 quokkas (D:3)
  6 bats
  A frilled lizard (D:1)
  5 kobolds
  5 rats
94 creatures vanquished.

Notes
Turn   | Place    | Note
-------+----------+-------------------------------------------
     0 | D:1      | Iniera the Kobold Monk began the quest for the Orb.
     0 | D:1      | Reached XP level 1. HP: 14/14 MP: 1/1
   133 | D:1      | Reached XP level 2. HP: 19/19 MP: 2/2
   309 | D:1      | Reached XP level 3. HP: 17/23 MP: 3/3
   419 | D:1      | Reached skill level 4 in Dodging
   656 | D:2      | Reached XP level 4. HP: 26/29 MP: 4/4
  1371 | D:3      | Found a faded altar of an unknown god.
  1412 | D:3      | Reached XP level 5. HP: 5/33 MP: 5/5
  2445 | D:4      | Reached XP level 6. HP: 39/39 MP: 6/6
  2722 | D:4      | Noticed a sky beast
  2723 | D:4      | Noticed Natasha
  2788 | D:4      | Reached skill level 5 in Dodging
  2856 | D:4      | Killed a sky beast
  2982 | D:4      | Killed Natasha
  2983 | D:4      | Reached XP level 7. HP: 38/44 MP: 7/7
  3132 | D:4      | Reached skill level 5 in Fighting
  3249 | D:4      | Reached skill level 1 in Invocations
  3313 | D:4      | Noticed Natasha
  3320 | D:4      | Killed Natasha
  3377 | D:4      | Reached skill level 6 in Dodging
  3612 | D:5      | Entered Level 5 of the Dungeon
  3644 | D:5      | Noticed a water moccasin
  3659 | D:5      | Killed a water moccasin
  3665 | D:5      | Reached skill level 5 in Long Blades
  3665 | D:5      | Reached XP level 8. HP: 39/50 MP: 9/9
  3755 | D:5      | Noticed Edmund
  3758 | D:5      | Noticed Ijyb
  3775 | D:5      | Slain by Edmund

Illustrated notes

Levels and vault maps discovered:
D:1:      matt_arrival_los_fun, layout_basic
D:2:      layout_loops_ring
D:3:      layout_basic, shapermc_ecumenical_altar_gd
D:4:      layout_basic, uniq_natasha
D:5:      layout_rooms, uniq_edmund, uniq_ijyb

Skill      XL: |  1  2  3  4  5  6  7  8 |
---------------+-------------------------+-----
Dodging        | 4 5 6 |  6.6
Long Blades    | 3 4 5 |  5.0
Fighting       | 4 5 |  5.5
Invocations    | 1 2 |  2.1

Action                     |  1- 3 |  4- 6 |  7- 9 || total
---------------------------+-------+-------+-------++-------
  Melee: Falchion          |    59 |   139 |    51 ||   249
  Throw: Dart              |       |    20 |    31 ||    51
    Use: Scroll            |       |    10 |     5 ||    15
         Potion            |       |     1 |     4 ||     5
   Stab: Distracted        |     1 |       |       ||     1
         Sleeping          |     1 |     2 |       ||     3
 Armour: Robe              |    10 |     5 |       ||    15
         Leather armour    |       |    23 |    12 ||    35
         Skin              |       |       |    11 ||    11
  Dodge: Dodged            |    80 |   127 |    60 ||   267

Table legend: (Time is in decaauts)
 A = Elapsed time spent in this place.
 B = Non-inter-level travel time spent in this place.
 C = Inter-level travel time spent in this place.
 D = Time resting spent in this place.
 E = Time spent auto-exploring this place.
 F = Levels seen in this place.
 G = Mean time per level.
                   A        B        C        D        E       F      G
               +--------+--------+--------+--------+--------+-----+--------+
         Total |   3801 |   3701 |    100 |    179 |   2809 |   5 |  760.2 |
       Dungeon |   3801 |   3701 |    100 |    179 |   2809 |   5 |  760.2 |
               +--------+--------+--------+--------+--------+-----+--------+

Top non-repeatable levels by time:
     D:4: 1243 daAuts
     D:3: 1095 daAuts
     D:2: 762 daAuts
     D:1: 535 daAuts
     D:5: 165 daAuts
